[Event "ICC Open 2015"]
[Site "Internet Chess Club"]
[Date "2015.05.29"]
[Round "2"]
[White "waynerooney"]
[Black "holderlin"]
[Result "1-0"]
[ICCResult "Black forfeits on time"]
[WhiteElo "1956"]
[BlackElo "1619"]
[Opening "Sicilian: Grand Prix attack"]
[ECO "B23"]
[NIC "SI.44"]
[Time "14:13:50"]
[TimeControl "180+0"]

1. e4 c5 2. Nc3 Nc6 3. f4 e6 4. Nf3 g6 5. Bb5 Nge7 6. O-O Bg7 7. Bxc6 Nxc6
8. d3 O-O 9. Be3 b6 10. Kh1 d5 11. Bg1 d4 12. Ne2 f5 13. e5 Ne7 14. Qe1 Bb7
15. Rd1 Nd5 16. c3 Bh6 17. Qg3 dxc3 18. bxc3 Kh8 19. h4 Rg8 20. Ng5 Qd7 21.
c4 Nb4 22. d4 Bxg5 23. hxg5 Qc6 24. a3 Nc2 25. d5 exd5 26. cxd5 Qa4 27. Qc3
Nd4 28. Nxd4 cxd4 29. Rxd4 Qa5 30. Rb4 Qc5 31. Qxc5 bxc5 32. Rb5 Bc8 33.
Rxc5 Ba6 34. Re1 {Black forfeits on time} 1-0

[Event "ICC Open 2015"]
[Site "Internet Chess Club"]
[Date "2015.05.29"]
[Round "2"]
[White "ALexiz"]
[Black "Samset0304"]
[Result "0-1"]
[ICCResult "White resigns"]
[WhiteElo "1790"]
[BlackElo "1774"]
[Opening "Catalan: closed"]
[ECO "E01"]
[NIC "CA.01"]
[Time "14:13:24"]
[TimeControl "180+0"]

1. d4 Nf6 2. c4 e6 3. g3 d5 4. Bg2 c6 5. Nf3 Nbd7 6. O-O b6 7. Nbd2 Bb7 8.
Qc2 Rc8 9. e4 dxe4 10. Nxe4 Nxe4 11. Qxe4 Nf6 12. Qc2 Be7 13. Rd1 O-O 14.
Ne5 Bd6 15. Bg5 h6 16. Bxf6 gxf6 17. Nxc6 Bxc6 18. Bxc6 Rxc6 19. Qd2 Kh7 20.
b3 Be7 21. Qd3+ Kg7 22. Qe4 Rd6 23. Qg4+ Kh7 24. Qe4+ f5 25. Qf4 Bf6 26. Rd3
Rxd4 27. Rxd4 Qxd4 28. Qxd4 Bxd4 29. Rd1 Rd8 30. Kg2 e5 31. f4 exf4 32. gxf4
Kg7 33. Kf3 Kf8 34. Re1 Re8 35. Rd1 Re3+ 36. Kg2 Bc5 37. Rd7 Re2+ 38. Kg3
Rxa2 39. Rc7 Ra3 40. Kh4 Rxb3 41. Rxa7 Rb4 42. Kh5 Rxc4 43. Kxh6 Rxf4 44.
Ra8+ Ke7 45. Ra7+ Kf6 46. Kh7 Rh4+ 47. Kg8 Rg4+ 48. Kh7 Rg7+ 49. Kh8 Kg6 50.
h4 Rh7+ 51. Kg8 Bd4 52. Rb7 {White resigns} 0-1

[Event "ICC Open 2015"]
[Site "Internet Chess Club"]
[Date "2015.05.29"]
[Round "2"]
[White "RaiseTheCurve"]
[Black "Palenque"]
[Result "1-0"]
[ICCResult "Black forfeits on time"]
[WhiteElo "1978"]
[BlackElo "1651"]
[Opening "Van't Kruijs opening"]
[ECO "A00"]
[Time "14:13:45"]
[TimeControl "180+0"]

1. e3 d6 2. b3 e5 3. Bb2 Nf6 4. c4 Nbd7 5. Nc3 g6 6. f4 Bg7 7. Nf3 O-O 8.
Be2 h6 9. d4 exf4 10. exf4 Ng4 11. Qd3 Qf6 12. h3 Qxf4 13. hxg4 Qg3+ 14. Kd2
Re8 15. g5 hxg5 16. Rag1 Nf6 17. Rh3 Qf4+ 18. Kd1 Ng4 19. Ke1 Ne3 20. Bc1
Bxh3 21. gxh3 Ng2+ 22. Kf2 Ne3 23. Nd5 Qf5 24. Bxe3 Qd7 25. Nxg5 c6 26. Nf4
d5 27. Bg4 Qe7 28. Nf3 dxc4 29. bxc4 b5 30. cxb5 cxb5 31. d5 b4 32. Bd4
Bxd4+ 33. Nxd4 Qc5 34. Be6 fxe6 35. Rxg6+ Kf8 36. Nxe6+ Ke7 37. Rg7+ Kd6 38.
Nxc5 Kxc5 39. Rc7+ Kxd5 40. Nf5+ Ke6 41. Qd6+ Kxf5 42. Rf7+ Kg5 43. Qf6+
{Black forfeits on time}
1-0

[Event "ICC Open 2015"]
[Site "Internet Chess Club"]
[Date "2015.05.29"]
[Round "2"]
[White "Rembrand"]
[Black "Zablotsky"]
[Result "0-1"]
[ICCResult "White forfeits on time"]
[WhiteElo "2109"]
[BlackElo "2816"]
[Opening "King's pawn opening"]
[ECO "B07"]
[NIC "VO.17"]
[Time "14:13:49"]
[TimeControl "180+0"]

1. e4 d6 2. c4 Nf6 3. Nc3 e5 4. g3 Nc6 5. Bg2 g6 6. d3 Bg7 7. h3 O-O 8. Nge2
Nd7 9. Be3 Nc5 10. Qd2 f5 11. f4 fxe4 12. dxe4 exf4 13. gxf4 Be6 14. Nd5
Qh4+ 15. Bf2 Qd8 16. Rc1 Bxb2 17. Rd1 Bg7 18. O-O Qd7 19. Kh2 Rae8 20. Ng3
b6 21. Bxc5 bxc5 22. Qd3 Nd4 23. Rf2 c6 24. Ne3 Bf7 25. Rdf1 Qe7 26. f5 Qh4
27. Bh1 Be5 28. Rg1 Kh8 29. Ng4 gxf5 30. exf5 Rg8 31. Nxe5 Rxe5 32. Bxc6
Bxc4 33. Qc3 Ne2 34. Rxe2 Bxe2 35. Nxe2 Qf2+ 36. Rg2 Rxg2+ 37. Bxg2 Qxe2 38.
Qa5 Re8 39. Qc3+ Qe5+ 40. Qxe5+ Rxe5 41. f6 Rf5 42. Kg3 Rxf6 43. Bd5 h6 44.
Kg4 Kg7 45. h4 Kf8 46. h5 Ke7 47. Bb3 a5 48. Kg3 Rf5 49. Bc2 Rg5+ 50. Kf4
Kf6 51. Bg6 d5 52. Ke3 d4+ 53. Kd3 Ke6 54. Kc4 Kd6 {White forfeits on time}
0-1

[Event "ICC Open 2015"]
[Site "Internet Chess Club"]
[Date "2015.05.29"]
[Round "2"]
[White "Dlugy"]
[Black "Meditator"]
[Result "1-0"]
[ICCResult "Black resigns"]
[WhiteElo "3070"]
[BlackElo "2272"]
[Opening "Benoni: Nimzovich (knight's tour) variation"]
[ECO "A61"]
[NIC "BI.27"]
[Time "14:14:55"]
[TimeControl "180+0"]

1. d4 Nf6 2. c4 c5 3. d5 e6 4. Nc3 exd5 5. cxd5 d6 6. Nf3 g6 7. Nd2 a6 8. a4
Nbd7 9. e4 Bg7 10. Be2 O-O 11. O-O Ne8 12. Nc4 Rb8 13. Bf4 Nb6 14. Na3 Na8
15. Qd2 Nac7 16. a5 b5 17. axb6 Rxb6 18. Nc4 Rb4 19. e5 dxe5 20. Bxe5 Nb5
21. Bxg7 Nxg7 22. d6 Nd4 23. Nd5 Rxc4 24. Bxc4 Qxd6 25. Qg5 Ne8 26. Ne7+ Kg7
27. Nxc8 Qc7 28. Bxa6 Nf6 29. Kh1 Rxc8 30. Bxc8 Qxc8 31. Rac1 Ne6 32. Qe5
Qb7 33. h3 h5 34. Kg1 Qc6 35. Rfe1 g5 36. Re3 g4 37. hxg4 hxg4 38. Rc4 Nd4
39. Qxd4 cxd4 40. Rxc6 dxe3 41. fxe3 Nd5 42. Kf2 Nb4 43. Rd6 Kf8 44. Rd4 Nc2
45. Rxg4 {Black resigns} 1-0

[Event "ICC Open 2015"]
[Site "Internet Chess Club"]
[Date "2015.05.29"]
[Round "2"]
[White "savlanut"]
[Black "olivermx"]
[Result "1-0"]
[ICCResult "Black forfeits on time"]
[WhiteElo "1152"]
[BlackElo "808"]
[Opening "Queen's gambit declined"]
[ECO "D30"]
[NIC "QP.08"]
[Time "14:13:58"]
[TimeControl "180+0"]

1. d4 d5 2. c4 e6 3. f3 c5 4. dxc5 Bxc5 5. Nh3 d4 6. Bf4 Nc6 7. a3 e5 8. Bg3
Nf6 9. Nd2 O-O 10. b4 Bd6 11. Qb3 a6 12. e4 Be6 13. Be2 b5 14. O-O bxc4 15.
Bxc4 Bxc4 16. Nxc4 Nh5 17. Bf2 Re8 18. Rad1 Nf6 19. Rd3 Bc7 20. Rc1 Qd7 21.
Qc2 Rac8 22. Qd2 Qe6 23. f4 exf4 24. Nxf4 Qg4 25. Nd5 {Black forfeits on
time} 1-0

[Event "ICC Open 2015"]
[Site "Internet Chess Club"]
[Date "2015.05.29"]
[Round "2"]
[White "jps7"]
[Black "BigSerge"]
[Result "0-1"]
[ICCResult "White forfeits on time"]
[WhiteElo "1626"]
[BlackElo "1989"]
[Opening "Queen's pawn game"]
[ECO "A46"]
[NIC "QP.06"]
[Time "14:13:32"]
[TimeControl "180+0"]

1. d4 Nf6 2. Nf3 d6 3. e3 g6 4. Bd3 Bg7 5. O-O O-O 6. b3 Nc6 7. Bb2 h6 8. a3
Qe8 9. Nbd2 e5 10. dxe5 dxe5 11. e4 Nh5 12. g3 Bh3 13. Re1 Rd8 14. Qe2 Qe6
15. Nf1 Qg4 16. Ne3 Qe6 17. Kh1 Bg4 18. Kg2 Kh8 19. Nxg4 Qxg4 20. Ng1 Nf4+
21. Kf1 Nxe2 22. Bxe2 Qxe4 23. Bd3 Qh1 24. Re3 Nd4 25. Bxd4 exd4 26. Re7 Rc8
27. Rae1 c5 28. h3 Qc6 29. Ne2 Rce8 30. Be4 Qxe4 31. Rxe4 Rxe4 32. Nf4 Rxe1+
33. Kxe1 Rd8 34. Kd2 Kg8 35. Nd3 b6 36. b4 c4 37. Nf4 Kf8 38. h4 Ke7 39. h5
g5 40. Ne2 Ke6 41. Ng1 Kf5 42. Nf3 Ke4 43. Ne1 d3 44. c3 f5 45. f3+ Ke5 46.
Ng2 Kd6 47. Ne3 Ke6 48. Nxc4 b5 49. Ne3 Rc8 50. Nd1 Rd8 51. f4 gxf4 52. gxf4
Bf6 53. Nf2 Bh4 54. Nxd3 Bg3 55. Kc2 Rxd3 56. Kxd3 Bxf4 57. Kd4 Bg5 58. Kc5
f4 59. Kd4 f3 60. Kd3 f2 61. Ke2 Bh4 {White forfeits on time} 0-1

[Event "ICC Open 2015"]
[Site "Internet Chess Club"]
[Date "2015.05.29"]
[Round "2"]
[White "Zigfrid"]
[Black "CavacoSilva1939"]
[Result "1-0"]
[ICCResult "Black forfeits on time"]
[WhiteElo "3176"]
[BlackElo "2324"]
[Opening "Réti: King's Indian attack (Barcza system)"]
[ECO "A07"]
[NIC "QP.09"]
[Time "14:13:50"]
[TimeControl "180+0"]

1. Nf3 d5 2. g3 Nc6 3. d4 g6 4. Bg2 Bg7 5. O-O Nf6 6. b3 Ne4 7. Bb2 O-O 8.
e3 Bg4 9. h3 Bf5 10. Nbd2 Nd6 11. a3 a6 12. Rc1 Qd7 13. Kh2 b6 14. Re1 Ne4
15. Qe2 Bf6 16. c4 Rad8 17. cxd5 Qxd5 18. g4 Nxd2 19. Nxd2 Qd6+ 20. Kh1 Nxd4
21. exd4 Be6 22. Ne4 Qd7 23. d5 Bxd5 24. Bxf6 Bxe4 25. Qxe4 exf6 26. Qf4 Qd2
27. Qxf6 Rd6 28. Qf3 Rd3 29. Qe2 c5 30. Qxd2 Rxd2 31. Kg1 a5 32. Re3 Rfd8
33. a4 Rb2 34. Bf1 Rdd2 35. Rf3 Rd7 36. Bc4 Kg7 37. Kg2 h5 38. Re1 hxg4 39.
hxg4 Rbd2 40. Re4 Rd1 41. Ref4 {Black forfeits on time} 1-0

[Event "ICC Open 2015"]
[Site "Internet Chess Club"]
[Date "2015.05.29"]
[Round "2"]
[White "HaraldEskilstu"]
[Black "M80"]
[Result "1/2-1/2"]
[ICCResult "White stalemated"]
[WhiteElo "2010"]
[BlackElo "2546"]
[Opening "Sicilian: closed"]
[ECO "B23"]
[NIC "SI.44"]
[Time "14:14:28"]
[TimeControl "180+0"]

1. e4 c5 2. Nc3 e6 3. g3 Nc6 4. Bg2 g6 5. d3 Bg7 6. f4 Rb8 7. Nf3 b5 8. O-O
d6 9. Rb1 b4 10. Ne2 Nge7 11. Be3 O-O 12. c3 bxc3 13. bxc3 Rxb1 14. Qxb1 Ba6
15. Qc2 Qa5 16. Rc1 Rb8 17. h3 Qa3 18. Qd2 Rb2 19. Rc2 Rb1+ 20. Kh2 h6 21.
g4 f5 22. gxf5 gxf5 23. Ng3 d5 24. exf5 exf5 25. Nh4 d4 26. cxd4 Nxd4 27.
Bxd4 Bxd4 28. Ngxf5 Bg1+ 29. Kg3 Nxf5+ 30. Nxf5 Qxd3+ 31. Qxd3 Bxd3 32.
Nxh6+ Kh7 33. Rd2 c4 34. Ng4 Bd4 35. f5 Rb2 36. Rxb2 Bxb2 37. f6 c3 38. Ne3
c2 39. Nxc2 Bxc2 40. Bd5 Kg6 41. f7 Kg7 42. Kf3 Bg6 43. h4 Bxf7 44. Bb3 Bxb3
45. axb3 Ba3 46. Ke4 Bb4 47. Kf3 a5 48. Ke4 Kh6 49. Kf3 Kh5 50. Kg3 Bd6+ 51.
Kh3 Be7 52. Kg2 Bxh4 53. Kf3 Be7 54. Ke4 Bb4 55. Kd3 Kg4 56. Kc4 Kf5 57. Kb5
Ke6 58. Kc4 Kd7 59. Kb5 Kc7 60. Ka4 Kc6 {White stalemated} 1/2-1/2

[Event "ICC Open 2015"]
[Site "Internet Chess Club"]
[Date "2015.05.29"]
[Round "2"]
[White "ElFenomeno"]
[Black "nadalthegreat"]
[Result "1-0"]
[ICCResult "Black checkmated"]
[WhiteElo "1874"]
[BlackElo "1517"]
[Opening "King's Indian: Sämisch variation"]
[ECO "E80"]
[NIC "KI.54"]
[Time "14:14:47"]
[TimeControl "180+0"]

1. d4 Nf6 2. c4 g6 3. Nc3 Bg7 4. e4 d6 5. f3 c5 6. dxc5 dxc5 7. Qxd8+ Kxd8
8. Be3 Nc6 9. Bxc5 Bd7 10. Nge2 Kc7 11. Nf4 Rac8 12. Be2 b6 13. Be3 Kb7 14.
O-O Ne5 15. b3 Ne8 16. Rac1 Nd6 17. Rfd1 Nc6 18. Nfd5 e6 19. Nf4 Kc7 20.
Nb5+ Nxb5 21. cxb5 Kb7 22. bxc6+ Bxc6 23. Nd3 Rhd8 24. Nb4 Re8 25. Nxc6 Rxc6
26. Ba6+ Kxa6 27. Rxc6 Kb5 28. Rdc1 Bb2 29. R1c2 Ba3 30. Rc7 Rd8 31. Rxa7
Rd1+ 32. Kf2 Bc5 33. Bxc5 bxc5 34. Rb7+ Kc6 35. Rb8 Rd6 36. Rc8+ Kb6 37.
R8xc5 Kb7 38. Rc7+ Kb6 39. Rxf7 Kb5 40. Rxh7 Kb4 41. Rb7+ Ka3 42. b4 Ka4 43.
b5 Ka5 44. b6 Ka6 45. Rb8 e5 46. Rb2 Rd4 47. b7 Rd7 48. Ra8# {Black
checkmated} 1-0

[Event "ICC Open 2015"]
[Site "Internet Chess Club"]
[Date "2015.05.29"]
[Round "2"]
[White "Providence"]
[Black "manitodeplomo"]
[Result "1-0"]
[ICCResult "Black forfeits on time"]
[WhiteElo "2203"]
[BlackElo "2621"]
[Opening "Robatsch defense"]
[ECO "B06"]
[NIC "KF.05"]
[Time "14:13:58"]
[TimeControl "180+0"]

1. e4 g6 2. d4 Bg7 3. Nc3 c5 4. Nf3 Qa5 5. Be2 Nc6 6. Be3 Nf6 7. d5 Nxe4 8.
dxc6 Nxc3 9. Qd2 Qb4 10. O-O Nxe2+ 11. Qxe2 bxc6 12. c3 Qb5 13. Qxb5 cxb5
14. Bxc5 d6 15. Bd4 e5 16. Be3 Bb7 17. Nd2 Ke7 18. a4 a6 19. Nb3 Bd5 20. Na5
Ke6 21. Rfd1 Rhc8 22. Rd2 Bf8 23. f3 f5 24. Rad1 Bc6 25. h4 Be7 26. Bf2 Be8
27. Nb7 Rc6 28. Na5 Rc7 29. Bb6 Rcc8 30. Bf2 bxa4 31. Nb7 Rc6 32. Na5 Rc7
33. c4 Rb8 34. Kh2 Rb4 35. Bg3 Rcxc4 36. Nxc4 Rxc4 37. Bf2 Bb5 38. Kg1 Bc6
39. Kh2 d5 40. Kg1 d4 41. f4 exf4 42. Rxd4 Rxd4 43. Bxd4 Bf6 44. Bxf6 Bd5
45. Bc3 Kd6 46. Re1 Kc5 47. Rd1 Be4 48. Rd4 Kb5 49. Kf2 Kc5 50. Rd7 Kc4 51.
Rc7+ Kb3 52. Rc8 a3 53. Rb8+ Kc2 54. Bf6 a2 55. b4 Kb1 56. Rd8 a1=Q 57. Rd1+
{Black forfeits on time}
1-0

[Event "ICC Open 2015"]
[Site "Internet Chess Club"]
[Date "2015.05.29"]
[Round "2"]
[White "Birdy69"]
[Black "fyook"]
[Result "1-0"]
[ICCResult "Black forfeits on time"]
[WhiteElo "1741"]
[BlackElo "1198"]
[Opening "Sicilian: Alapin's variation (2.c3)"]
[ECO "B22"]
[NIC "SI.46"]
[Time "14:14:17"]
[TimeControl "180+0"]

1. e4 c5 2. c3 Nc6 3. d4 cxd4 4. cxd4 e6 5. d5 exd5 6. exd5 Qa5+ 7. Nc3 Nb4
8. Nf3 Nf6 9. d6 b6 10. Bc4 Bb7 11. Qe2+ Kd8 12. O-O Bxd6 13. Bg5 Be7 14.
Rfe1 Bc5 15. Bxf7 h6 16. Bh4 g5 17. Nxg5 hxg5 18. Bxg5 Bxf2+ 19. Qxf2 Qxg5
20. Rf1 Nd3 21. Qg3 Qxg3 22. hxg3 Nh5 23. Ne2 Nxb2 24. Rae1 Nd3 25. Rd1 Ne5
26. Bxh5 Rxh5 27. Nf4 Rh7 28. Rfe1 Nc6 29. Rd6 Kc7 30. Red1 Ne5 31. R6d4
Rah8 32. Nh3 Nc6 33. Rf4 Na5 34. Rf5 Bc6 35. Rf4 Bb5 36. Rb4
{Black forfeits on time}
1-0

[Event "ICC Open 2015"]
[Site "Internet Chess Club"]
[Date "2015.05.29"]
[Round "2"]
[White "Yule"]
[Black "Rinazina46"]
[Result "1-0"]
[ICCResult "Black forfeits on time"]
[WhiteElo "2625"]
[BlackElo "1825"]
[Opening "Sicilian: Anderssen variation"]
[ECO "B41"]
[NIC "SI.41"]
[Time "14:14:36"]
[TimeControl "180+0"]

1. e4 c5 2. Nf3 e6 3. d4 cxd4 4. Nxd4 Nf6 5. Nc3 Nc6 6. Ndb5 Bb4 7. a3 Bxc3+
8. Nxc3 d5 9. Bd3 d4 10. Ne2 e5 11. h3 O-O 12. O-O Nd7 13. f4 exf4 14. Nxf4
Nde5 15. Qe1 f6 16. Qg3 Kh8 17. Nh5 Qe7 18. Bd2 Be6 19. Rf4 Ng6 20. Rf2 Nce5
21. Raf1 Bc4 22. Nf4 Nxf4 23. Bxf4 Bxd3 24. cxd3 Rfe8 25. Rc2 Rac8 26. Rfc1
Rxc2 27. Rxc2 Ng6 28. Bd6 Qd7 29. Bb4 Rc8 30. Qd6 Qe8 31. Rxc8 Qxc8 32. Qxd4
Nf4 33. Kh2 h6 34. Qd6 Ng6 35. Qc5 Qe6 36. Bc3 Kh7 37. Qxa7 Qb3 38. Qf2 Qd1
39. Qf3 Qc2 40. d4 Nh4 41. Qg3 Ng6 42. Qg4 Qd3 43. Qf5 Qe2 44. h4 h5 45. d5
Kh6 46. d6 Nxh4 47. Qf4+ Kh7 48. Qxh4 Kg6 49. d7 {Black forfeits on time}
1-0

[Event "ICC Open 2015"]
[Site "Internet Chess Club"]
[Date "2015.05.29"]
[Round "2"]
[White "RedCard"]
[Black "ikica"]
[Result "0-1"]
[ICCResult "White resigns"]
[WhiteElo "2179"]
[BlackElo "2843"]
[Opening "Queen's pawn game"]
[ECO "E10"]
[NIC "QI.01"]
[Time "14:14:02"]
[TimeControl "180+0"]

1. d4 Nf6 2. c4 e6 3. Nf3 c5 4. e3 d5 5. Nc3 a6 6. cxd5 exd5 7. dxc5 Bxc5 8.
Be2 Nc6 9. O-O O-O 10. a3 Re8 11. b4 Ba7 12. Bb2 Qd6 13. Rc1 Bg4 14. Ne1 h5
15. Bxg4 hxg4 16. Nd3 Rad8 17. Ne2 Ne4 18. Ng3 d4 19. exd4 Nxd4 20. Nxe4
Rxe4 21. Kh1 Ne2 22. Nc5 Qe7 23. Qc2 Bxc5 24. Qxc5 Nxc1 25. Qxc1 Re8 26. Qc3
f6 27. Qb3+ Qe6 28. Qd3 Re1 29. Bc3 Rxf1+ 30. Qxf1 Qe2 31. Qg1 Rd8
{White resigns}
0-1

[Event "ICC Open 2015"]
[Site "Internet Chess Club"]
[Date "2015.05.29"]
[Round "2"]
[White "AMKE"]
[Black "TheCypriot"]
[Result "0-1"]
[ICCResult "White checkmated"]
[WhiteElo "1547"]
[BlackElo "1833"]
[Opening "French: exchange variation"]
[ECO "C01"]
[NIC "FR.01"]
[Time "14:14:23"]
[TimeControl "180+0"]

1. e4 e6 2. d4 d5 3. exd5 exd5 4. Nf3 Nc6 5. c3 Bd6 6. Bd3 Nge7 7. b4 Bf5 8.
O-O O-O 9. Re1 a6 10. a4 Qd7 11. Bg5 f6 12. Bh4 Ng6 13. Bg3 Nf4 14. Bc2 Rfe8
15. Na3 Rxe1+ 16. Qxe1 Re8 17. Qd2 Ne2+ 18. Kf1 Nxg3+ 19. hxg3 Be4 20. Re1
Qf5 21. Nh4 Qh5 22. f3 Bxc2 23. Rxe8+ Qxe8 24. Nxc2 Bxg3 25. Nf5 Qg6 26.
Nce3 Bf4 27. b5 axb5 28. axb5 Qxf5 29. bxc6 bxc6 30. Ke2 Qg5 31. Qa2 Bxe3
32. Qa8+ Kf7 33. Qb7 Bf4 34. Qc8 Qxg2+ 35. Kd3 Qxf3+ 36. Kc2 Qe4+ 37. Kb3
Qb1+ 38. Ka4 Qb5+ 39. Ka3 Bc1+ 40. Ka2 Qb2# {White checkmated} 0-1

[Event "ICC Open 2015"]
[Site "Internet Chess Club"]
[Date "2015.05.29"]
[Round "2"]
[White "chessrex"]
[Black "Jack-Daniels"]
[Result "0-1"]
[ICCResult "White forfeits on time"]
[WhiteElo "2075"]
[BlackElo "2803"]
[Opening "Blackmar-Diemer: Euwe defense"]
[ECO "D00"]
[NIC "QP.08"]
[Time "14:14:03"]
[TimeControl "180+0"]

1. d4 d5 2. e4 dxe4 3. Nc3 Nf6 4. f3 exf3 5. Nxf3 e6 6. Bg5 Be7 7. Bd3 Nbd7
8. O-O O-O 9. Qe1 c5 10. Qh4 cxd4 11. Bxh7+ Nxh7 12. Bxe7 Qb6 13. Na4 Qc6
14. Bxf8 Nhxf8 15. Qxd4 b5 16. Nc3 Bb7 17. Rf2 Rc8 18. a3 f6 19. Re1 a6 20.
Qe3 Qb6 21. Qf4 Rc4 22. Qg3 e5 23. Rf1 Ne6 24. Kh1 Nf4 25. Ne2 Nd5 26. c3
Ne3 27. Re1 Rg4 28. Qh3 Nf8 29. Neg1 Rf4 30. Ne2 Ng4 31. Rff1 Nf2+ 32. Rxf2
Qxf2 33. Nxf4 Bxf3 34. Rg1 Bb7 35. Nd3 Qe2 36. Qg3 Ne6 37. Re1 Qd2 38. Rg1
Ng5 39. Nf2 Qxb2 40. h4 Ne6 41. Rd1 Qe2 42. Rd7 Bc6 43. Ra7 Qh5 44. Rxa6 Bd5
45. Rd6 Nf4 46. Rd8+ Kh7 47. Ng4 Bxg2+ 48. Kh2 Qg6 49. Rd7 Bc6 50. Rc7 Bd5
51. Rd7 Be6 52. Rb7 Bxg4 53. Rxb5 Qc2+ 54. Kg1 Ne2+ 55. Kf2 Nxg3+
{White forfeits on time}
0-1

[Event "ICC Open 2015"]
[Site "Internet Chess Club"]
[Date "2015.05.29"]
[Round "2"]
[White "born2die"]
[Black "bennywins"]
[Result "1-0"]
[ICCResult "Black forfeits on time"]
[WhiteElo "1734"]
[BlackElo "1164"]
[Opening "Sicilian: Grand Prix attack"]
[ECO "B21"]
[NIC "SI.48"]
[Time "14:13:17"]
[TimeControl "180+0"]

1. e4 c5 2. f4 Nc6 3. d3 e6 4. Nf3 d5 5. Be2 dxe4 6. dxe4 Bd6 7. O-O Bd7 8.
e5 Bb8 9. c3 f6 10. Be3 Nge7 11. exf6 gxf6 12. Nbd2 Qc7 13. Ne4 a6 14. Nxf6+
Kd8 15. Bxc5 Ba7 16. Bxa7 Rxa7 17. Ne5 Nxe5 18. fxe5 Qc5+ 19. Kh1 b5 20. Qd2
Ng8 21. Rad1 Qc6 22. Nxd7 Rxd7 23. Qg5+ Ne7 24. Rxd7+ Qxd7 25. Rd1 Rg8 26.
Rxd7+ Kxd7 27. Qh6 Rh8 28. h3 Ng6 29. Bg4 Kc6 30. Qg7 Kd5 31. Bh5 Rf8 32.
Bxg6 Rf1+ 33. Kh2 hxg6 34. Qxg6 Kxe5 35. Qg3+ Rf4 36. h4 Kf5 37. Qg5+
{Black forfeits on time}
1-0

[Event "ICC Open 2015"]
[Site "Internet Chess Club"]
[Date "2015.05.29"]
[Round "2"]
[White "TudoracheM"]
[Black "jaybird"]
[Result "1-0"]
[ICCResult "Black forfeits on time"]
[WhiteElo "1863"]
[BlackElo "1505"]
[Opening "French: Tarrasch"]
[ECO "C03"]
[NIC "FR.14"]
[Time "14:14:04"]
[TimeControl "180+0"]

1. e4 e6 2. d4 d5 3. Nd2 Be7 4. Ngf3 Nf6 5. e5 Nfd7 6. Bd3 c5 7. c3 Nc6 8.
O-O Qb6 9. dxc5 Nxc5 10. Bc2 Nd7 11. Qe2 Qc7 12. Re1 Nf8 13. Nb3 Ng6 14. g3
Bd7 15. h4 Na5 16. h5 Nxb3 17. hxg6 Nxa1 18. gxf7+ Kxf7 19. Bd3 Rhf8 20. Bg5
Qd8 21. Bxe7 Qxe7 22. Rxa1 Kg8 23. Qe3 h6 24. Kg2 Rf7 25. Bg6 Rff8 26. Rh1
Bc6 27. Nd4 Bd7 28. Bc2 Qg5 29. Qd3 Qxe5 30. Qh7+ Kf7 31. Rxh6 Ke7 32. Rh5
Qf6 33. f4 Rh8 34. Qxh8 Rxh8 35. Rxh8 g5 36. Rh7+ Kd6 37. Kf3 gxf4 38. gxf4
a6 39. Rh5 Qg7 40. Re5 Qg1 41. Ke2 Qg2+ 42. Kd3 Qf1+ 43. Re2 Qxf4 44. Re3 e5
45. Ne2 e4+ 46. Kd2 Qh2 47. b3 {Black forfeits on time} 1-0

[Event "ICC Open 2015"]
[Site "Internet Chess Club"]
[Date "2015.05.29"]
[Round "2"]
[White "HuevosDeLeon"]
[Black "eltigrecu"]
[Result "1-0"]
[ICCResult "Black forfeits on time"]
[WhiteElo "2679"]
[BlackElo "2032"]
[Opening "Sicilian: closed, 2...Nc6"]
[ECO "B23"]
[NIC "SI.44"]
[Time "14:13:22"]
[TimeControl "180+0"]

1. e4 c5 2. Nc3 Nc6 3. Bb5 g6 4. Bxc6 bxc6 5. f4 Bg7 6. Nf3 d6 7. O-O Nf6 8.
d3 O-O 9. Qe1 Rb8 10. b3 Qa5 11. Bd2 Qa3 12. Qh4 Bg4 13. f5 Bxf3 14. Rxf3
Qb2 15. Rc1 Nd7 16. Rh3 h5 17. Na4 Qd4+ 18. Be3 Qf6 19. Qf2 Ne5 20. Qd2 Ng4
21. Bg5 Qd4+ 22. Kf1 f6 23. c3 Qf2+ 24. Qxf2 Nxf2 25. Kxf2 fxg5 26. Rf3 g4
27. Rg3 gxf5 28. Ke2 f4 29. Nb2 fxg3 30. hxg3 Be5 31. Rh1 Bxg3 32. Nd1 h4
33. d4 cxd4 34. cxd4 Rf4 35. Kd3 Rbf8 36. Ne3 e6 37. Rc1 Rc8 38. d5 exd5 39.
Nxd5 Rf7 40. Ne3 Rcc7 41. Nxg4 d5 42. e5 Kg7 43. Rc2 Rf4 44. Ne3 Rf2 45. Rc1
Bxe5 46. Ng4 Rf5 47. Ne3 Rg5 48. b4 Rg3 49. Ke2 Rxe3+ 50. Kxe3 Re7 51. Kd3
Re6 52. a4 Bd6 53. b5 c5 54. a5 Rf6 55. b6 axb6 56. axb6 Be5 57. b7 c4+ 58.
Ke2 Rb6 59. Rd1 Rb5 60. Kf3 d4 61. Ke4 Bg3 62. Kxd4 Rxb7 63. Kxc4 Rc7+ 64.
Kb5 Rf7 65. Rd2 Rf2 66. Rd7+ Kg6 67. Rd8 Rxg2 68. Rg8+ Kf5 69. Rh8 Kg4 70.
Rg8+ Kh3 71. Re8 Rb2+ 72. Kc4 Rb8 73. Re6 Rc8+ 74. Kb5 Rg8 75. Re7 Rg4 76.
Re2 Rg5+ 77. Kc6 Rg6+ 78. Kd5 Rd6+ 79. Kc5 Rd8 80. Kc6 Rc8+ 81. Kb7 Rc7+ 82.
Kb6 Rc3 83. Kb7 Rf3 84. Rc2 Rf2 85. Rc4 Kg2 86. Ka8 h3 87. Rc1 h2 88. Rc8
Rf1 89. Rc2+ Bf2 90. Rc4 {Black forfeits on time} 1-0

[Event "ICC Open 2015"]
[Site "Internet Chess Club"]
[Date "2015.05.29"]
[Round "2"]
[White "maki89"]
[Black "Red-white"]
[Result "0-1"]
[ICCResult "White forfeits on time"]
[WhiteElo "2393"]
[BlackElo "3304"]
[Opening "Caro-Kann defense"]
[ECO "B10"]
[NIC "CK.01"]
[Time "14:14:03"]
[TimeControl "180+0"]

1. e4 c6 2. Nf3 d5 3. exd5 cxd5 4. Ne5 Nc6 5. d4 Nf6 6. c3 g6 7. Bd3 Bg7 8.
f4 Bf5 9. Bxf5 gxf5 10. O-O e6 11. Nd2 Qe7 12. Rf3 Ne4 13. Nxe4 fxe4 14. Rg3
Bxe5 15. fxe5 h6 16. Qh5 O-O-O 17. Rg7 Rdg8 18. Rxg8+ Rxg8 19. Qxh6 Na5 20.
Bf4 b6 21. Rf1 Kb7 22. h4 Ka6 23. Bg5 Qe8 24. Qf6 Nc4 25. b3 Nb2 26. Qxf7
Qc8 27. Qe7 Qxc3 28. Rf7 Kb5 29. Qd7+ Ka5 30. Qxa7+ Kb5 31. Qd7+ Ka5 32.
Qa7+ Kb5 33. a4+ Kb4 34. Qxb6+ Ka3 35. Be7+ Ka2 36. Bg5 e3 37. Rf1 e2
{White forfeits on time}
0-1

[Event "ICC Open 2015"]
[Site "Internet Chess Club"]
[Date "2015.05.29"]
[Round "2"]
[White "muhit"]
[Black "YaacovN"]
[Result "0-1"]
[ICCResult "White forfeits on time"]
[WhiteElo "2031"]
[BlackElo "2686"]
[Opening "Budapest: Fajarowicz variation"]
[ECO "A51"]
[NIC "QG.01"]
[Time "14:15:27"]
[TimeControl "180+0"]

1. d4 Nf6 2. c4 e5 3. dxe5 Ne4 4. Bf4 Nc6 5. Nf3 g5 6. Bg3 h5 7. h4 g4 8.
Nfd2 Nxg3 9. fxg3 Nxe5 10. e4 Bc5 11. Nc3 d6 12. Qe2 Be6 13. O-O-O c6 14.
Kb1 Bb4 15. Rc1 Qb6 16. Qd1 O-O-O 17. Qb3 Bc5 18. Be2 Qxb3 19. axb3 Bf2 20.
Nf1 Rhf8 21. Nd1 Bd4 22. Nfe3 Kc7 23. Rf1 a5 24. Nf5 Bc5 25. Nde3 Ra8 26.
Ng7 Rh8 27. Nxe6+ fxe6 28. Nc2 Raf8 29. Rxf8 Rxf8 30. Rf1 Rxf1+ 31. Bxf1 Bf2
32. Kc1 Bxg3 33. Kd1 Bxh4 34. Ke2 Bg3 35. Ne3 Kb6 36. Nd1 Kc5 37. Kd2 Kd4
38. Nc3 Kc5 39. Ke3 Kb4 40. Ne2 h4 41. Nxg3 hxg3 {White forfeits on time}
0-1

[Event "ICC Open 2015"]
[Site "Internet Chess Club"]
[Date "2015.05.29"]
[Round "2"]
[White "Kaiju"]
[Black "QuezadaY"]
[Result "1/2-1/2"]
[ICCResult "Game drawn by mutual agreement"]
[WhiteElo "2051"]
[BlackElo "3351"]
[Opening "Sicilian defense"]
[ECO "B40"]
[NIC "SI.43"]
[Time "14:13:59"]
[TimeControl "180+0"]

1. e4 c5 2. Nf3 e6 3. Qe2 Nc6 4. g3 Nf6 5. Bg2 Be7 6. O-O d5 7. d3 O-O 8. e5
Nd7 9. c4 dxc4 10. dxc4 Qc7 11. Bf4 b6 12. Nc3 a6 13. Ne4 Bb7 14. Rfd1 Rad8
15. Nf6+ Kh8 16. Nxd7 Rxd7 17. Rxd7 Qxd7 18. Rd1 Qc7 19. h4 Rd8 20. Rxd8+
Qxd8 21. Ng5 Bxg5 22. hxg5 Nd4 23. Qd1 Bxg2 24. Kxg2 Qa8+ 25. f3 Kg8 26. Be3
Nc6 27. Qd6 Nb4 28. a3 Nc2 29. Bf2 g6 30. b4 cxb4 31. axb4 Qc8 32. Bxb6 Qxc4
33. Bc5 Qe2+ 34. Kh3 Qf1+ 35. Kg4 Qc4+ 36. Kh3 Qf1+ 37. Kh4 Qh1+ 38. Kg4 h5+
39. Kf4 Qc1+ 40. Ke4 Qe1+ 41. Kd3 {Game drawn by mutual agreement} 1/2-1/2